[ AOE2 MATCH · #506084947 ]
UnrankedWu vs Incas
Player's team · WIN
Rival team · LOSS
[ REPLAY ANALYSIS · EXTRACTED FROM THE RECORDED GAME ]
Feudal
8:51
Castle
22:41
Imperial
34:29
| APM avg | 68.9 |
| APM peak | 141 |
| eAPM avg | 23.2 |
| Villagers / military | 107 / 36 |
Focus
⚔️ 32.2% · 🌾 67.8%
Unknown (1968) ×40 · Skirmisher ×16 · Unknown (1974) ×11 · Monk ×8 · Militia ×7 · Unknown (1942) ×4
Feudal
8:50
Castle
23:11
Imperial
35:00
| APM avg | 58.2 |
| APM peak | 95 |
| eAPM avg | 28.4 |
| Villagers / military | 125 / 100 |
Focus
⚔️ 39.2% · 🌾 60.8%
Skirmisher ×61 · Kamayuk ×15 · Monk ×14 · Trebuchet (Packed) ×5 · Spearman ×3 · Mangonel ×2
Match map
Initial resources + every placement click. Lines = walls · curves = elevation contours. ◆ gold · ⬟ stone · ● berries · ✦ relic · ◌ wall gap
Your base· ✓ Closed at 22:41 · 36t walls · no gate
Blackheart's base· ✓ Closed at 23:11 · 65t walls · no gate
Smoothed initial terrain · ◌ = detected wall gap · hover for details
Inputs per minute
— OS+ | Sziky - - Blackheart
Build order — OS+ | Sziky
First 150 of 360 actions detected
| 0:00 | Create | Villager (Male) |
| 0:01 | Build | House |
| 0:02 | Build | House |
| 0:05 | Create | Villager (Male) |
| 0:05 | Create | Villager (Male) |
| 0:23 | Create | Villager (Male) |
| 1:22 | Create | Villager (Male) |
| 1:46 | Build | Lumber Camp |
| 1:55 | Create | Villager (Male) |
| 2:23 | Create | Villager (Male) |
| 2:40 | Create | Villager (Male) |
| 3:00 | Create | Villager (Male) |
| 3:28 | Create | Villager (Male) |
| 3:54 | Build | House |
| 3:57 | Build | House |
| 4:00 | Create | Villager (Male) |
| 4:04 | Create | Villager (Male) |
| 4:15 | Build | House |
| 4:37 | Create | Villager (Male) |
| 4:44 | Create | Villager (Male) |
| 5:06 | Create | Villager (Male) |
| 5:07 | Research | Loom |
| 5:19 | Build | Barracks |
| 5:21 | Build | Barracks |
| 6:03 | Build | House |
| 6:39 | Research | Feudal Age |
| 6:39 | Research | Feudal Age |
| 6:52 | Create | Militia |
| 6:57 | Create | Militia |
| 7:11 | Build | Mill |
| 7:25 | Create | Militia |
| 7:47 | Create | Villager (Male) |
| 8:51 | Age | Feudal Age |
| 8:55 | Research | Double-Bit Axe |
| 8:59 | Create | Villager (Male) |
| 9:07 | Research | Man-at-Arms (upgrade) |
| 9:16 | Build | Archery Range |
| 9:55 | Create | Villager (Male) |
| 10:07 | Create | Villager (Male) |
| 10:09 | Create | Skirmisher |
| 10:17 | Build | House |
| 10:20 | Create | Skirmisher |
| 10:26 | Build | Farm |
| 10:28 | Build | Farm |
| 10:35 | Create | Villager (Male) |
| 10:36 | Create | Skirmisher |
| 10:43 | Build | House |
| 10:45 | Build | Palisade Wall |
| 11:02 | Create | Villager (Male) |
| 11:04 | Build | Farm |
| 11:05 | Create | Skirmisher |
| 11:16 | Build | Palisade Wall |
| 11:27 | Create | Villager (Male) |
| 11:30 | Create | Skirmisher |
| 11:50 | Create | Skirmisher |
| 11:54 | Build | House |
| 11:55 | Build | Farm |
| 11:56 | Build | Farm |
| 12:02 | Create | Skirmisher |
| 12:20 | Create | Skirmisher |
| 12:26 | Build | House |
| 12:27 | Build | Palisade Wall |
| 12:30 | Create | Villager (Male) |
| 12:38 | Build | Farm |
| 12:38 | Build | Farm |
| 12:51 | Create | Villager (Male) |
| 12:56 | Build | Farm |
| 13:01 | Build | House |
| 13:05 | Create | Skirmisher |
| 13:21 | Create | Skirmisher |
| 13:30 | Create | Militia |
| 13:33 | Create | Villager (Male) |
| 13:52 | Create | Skirmisher |
| 13:58 | Build | Farm |
| 14:00 | Build | Farm |
| 14:00 | Create | Villager (Male) |
| 14:05 | Build | Palisade Wall |
| 14:05 | Build | Palisade Wall |
| 14:07 | Create | Militia |
| 14:11 | Build | Farm |
| 14:13 | Create | Villager (Male) |
| 14:24 | Create | Skirmisher |
| 14:38 | Create | Militia |
| 14:42 | Create | Skirmisher |
| 14:53 | Build | Mining Camp |
| 14:53 | Create | Villager (Male) |
| 14:59 | Build | Farm |
| 15:18 | Create | Villager (Male) |
| 15:20 | Build | Farm |
| 15:30 | Build | House |
| 15:43 | Create | Villager (Male) |
| 15:57 | Create | Villager (Male) |
| 16:23 | Build | Blacksmith |
| 16:32 | Create | Villager (Male) |
| 16:35 | Create | Villager (Male) |
| 16:55 | Research | Wheelbarrow |
| 17:10 | Research | Fletching |
| 17:26 | Create | Skirmisher |
| 17:35 | Create | Villager (Male) |
| 17:38 | Build | Lumber Camp |
| 17:47 | Build | Palisade Wall |
| 17:50 | Create | Skirmisher |
| 17:55 | Research | Scale Mail Armor |
| 18:09 | Create | Militia |
| 18:10 | Create | Skirmisher |
| 18:20 | Create | Villager (Male) |
| 18:26 | Create | Villager (Male) |
| 18:31 | Build | Farm |
| 18:55 | Build | Farm |
| 18:58 | Build | Farm |
| 19:01 | Build | Farm |
| 19:03 | Build | Farm |
| 19:23 | Build | Farm |
| 19:37 | Build | Farm |
| 19:46 | Build | Farm |
| 20:01 | Research | Castle Age |
| 20:01 | Research | Castle Age |
| 20:30 | Build | Barracks |
| 20:33 | Build | Farm |
| 20:42 | Research | Horse Collar |
| 21:01 | Create | Villager (Male) |
| 21:14 | Build | Farm |
| 21:38 | Build | Barracks |
| 22:41 | Age | Castle Age |
| 22:44 | Build | Siege Workshop |
| 22:46 | Research | Squires |
| 22:50 | Create | Unit 1974 |
| 22:50 | Create | Unit 1974 |
| 22:54 | Create | Villager (Male) |
| 22:57 | Research | Bow Saw |
| 23:02 | Create | Unit 1974 |
| 23:02 | Create | Unit 1974 |
| 23:09 | Create | Villager (Male) |
| 23:18 | Create | Villager (Male) |
| 23:23 | Create | Unit 1974 |
| 23:23 | Create | Unit 1974 |
| 23:23 | Create | Unit 1974 |
| 23:26 | Research | Forging |
| 23:30 | Create | Battering Ram |
| 23:33 | Create | Villager (Male) |
| 23:47 | Create | Unit 1974 |
| 23:48 | Create | Unit 1974 |
| 24:00 | Build | Town Center |
| 24:01 | Create | Villager (Male) |
| 24:05 | Build | Farm |
| 24:08 | Create | Unit 1974 |
| 24:08 | Create | Unit 1974 |
| 24:28 | Create | Mangonel |
| 24:28 | Create | Mangonel |
| 24:30 | Create | Villager (Male) |
Build order — Blackheart
First 150 of 307 actions detected
| 0:00 | Create | Villager (Male) |
| 0:02 | Build | House |
| 0:02 | Build | House |
| 0:13 | Create | Villager (Male) |
| 0:23 | Create | Villager (Male) |
| 0:43 | Create | Villager (Male) |
| 1:27 | Create | Villager (Male) |
| 1:58 | Build | Settlement |
| 2:01 | Create | Villager (Male) |
| 2:18 | Create | Villager (Male) |
| 2:51 | Create | Villager (Male) |
| 3:04 | Create | Villager (Male) |
| 3:04 | Create | Villager (Male) |
| 3:33 | Create | Villager (Male) |
| 4:01 | Create | Villager (Male) |
| 4:18 | Create | Villager (Male) |
| 4:53 | Build | Settlement |
| 4:56 | Create | Villager (Male) |
| 5:12 | Create | Villager (Male) |
| 5:25 | Create | Villager (Male) |
| 5:45 | Research | Loom |
| 6:32 | Build | Palisade Wall |
| 6:36 | Research | Feudal Age |
| 6:47 | Build | Palisade Wall |
| 6:49 | Build | Palisade Wall |
| 7:15 | Build | Barracks |
| 7:21 | Build | Palisade Wall |
| 7:33 | Create | Villager (Male) |
| 8:32 | Build | Palisade Wall |
| 8:49 | Build | Palisade Wall |
| 8:50 | Age | Feudal Age |
| 8:58 | Build | Archery Range |
| 9:00 | Create | Spearman |
| 9:05 | Create | Villager (Male) |
| 9:17 | Create | Villager (Male) |
| 9:20 | Research | Double-Bit Axe |
| 9:24 | Build | Palisade Wall |
| 9:28 | Build | Palisade Wall |
| 9:35 | Create | Villager (Male) |
| 9:49 | Build | Palisade Wall |
| 10:00 | Create | Skirmisher |
| 10:07 | Create | Skirmisher |
| 10:08 | Build | House |
| 10:16 | Create | Villager (Male) |
| 10:19 | Build | Palisade Wall |
| 10:20 | Create | Villager (Male) |
| 10:36 | Build | Farm |
| 10:37 | Create | Villager (Male) |
| 10:38 | Build | Farm |
| 10:39 | Build | Farm |
| 10:41 | Create | Skirmisher |
| 11:01 | Create | Skirmisher |
| 11:08 | Create | Villager (Male) |
| 11:20 | Build | Palisade Wall |
| 11:32 | Create | Villager (Male) |
| 11:44 | Build | Farm |
| 11:47 | Create | Skirmisher |
| 11:54 | Build | Farm |
| 12:01 | Create | Villager (Male) |
| 12:08 | Build | Farm |
| 12:15 | Create | Skirmisher |
| 12:21 | Create | Skirmisher |
| 12:40 | Create | Skirmisher |
| 12:40 | Create | Spearman |
| 12:55 | Create | Villager (Male) |
| 12:57 | Build | Farm |
| 12:58 | Build | Farm |
| 13:05 | Build | House |
| 13:18 | Create | Villager (Male) ×3 |
| 13:32 | Build | Farm |
| 13:34 | Build | Farm |
| 13:34 | Build | Farm |
| 13:35 | Create | Villager (Male) |
| 13:45 | Create | Skirmisher |
| 13:55 | Create | Skirmisher |
| 13:57 | Create | Villager (Male) |
| 14:38 | Build | Palisade Wall |
| 14:44 | Build | Blacksmith |
| 14:46 | Build | Palisade Wall |
| 14:51 | Create | Villager (Male) |
| 14:55 | Create | Skirmisher |
| 15:02 | Build | Farm |
| 15:07 | Create | Skirmisher |
| 15:33 | Research | Fletching |
| 15:35 | Build | House |
| 15:39 | Create | Skirmisher |
| 15:44 | Create | Villager (Male) |
| 15:57 | Build | Settlement |
| 16:03 | Create | Villager (Male) |
| 16:09 | Build | House |
| 16:16 | Create | Skirmisher |
| 16:20 | Create | Spearman |
| 16:22 | Build | Farm |
| 16:24 | Create | Villager (Male) |
| 16:30 | Create | Skirmisher |
| 16:42 | Create | Villager (Male) |
| 16:49 | Create | Skirmisher |
| 16:55 | Build | Palisade Wall |
| 17:05 | Build | House |
| 17:11 | Create | Villager (Male) |
| 17:20 | Build | Palisade Wall |
| 17:21 | Build | Palisade Wall |
| 17:23 | Create | Villager (Male) ×5 |
| 17:27 | Create | Skirmisher |
| 17:37 | Create | Skirmisher |
| 17:40 | Create | Villager (Male) |
| 17:43 | Create | Skirmisher |
| 18:03 | Create | Skirmisher |
| 18:31 | Build | House |
| 18:41 | Build | Settlement |
| 18:43 | Build | Market |
| 18:53 | Build | Farm |
| 18:55 | Build | Farm |
| 18:59 | Build | Palisade Wall |
| 19:09 | Build | Settlement |
| 19:14 | Build | Settlement |
| 19:35 | Create | Skirmisher |
| 19:46 | Build | House |
| 19:57 | Build | House |
| 20:14 | Build | House |
| 20:25 | Research | Castle Age |
| 20:39 | Build | Farm |
| 20:41 | Research | Horse Collar |
| 21:03 | Create | Villager (Male) |
| 21:32 | Build | Farm |
| 21:33 | Build | Farm |
| 21:39 | Build | Palisade Wall |
| 21:53 | Build | Farm |
| 21:55 | Build | Palisade Wall |
| 21:58 | Build | Farm |
| 21:58 | Build | Farm |
| 22:13 | Research | Scale Mail Armor |
| 22:17 | Build | House |
| 23:00 | Build | Farm |
| 23:11 | Age | Castle Age |
| 23:15 | Research | Chain Mail Armor |
| 23:18 | Research | Squires |
| 23:30 | Build | Castle |
| 23:32 | Create | Villager (Male) |
| 23:38 | Build | Monastery |
| 23:53 | Build | Town Center |
| 24:02 | Create | Villager (Male) |
| 24:05 | Build | House |
| 24:10 | Create | Monk |
| 24:21 | Research | Bow Saw |
| 24:22 | Create | Villager (Male) |
| 24:29 | Build | Town Center |
| 24:38 | Create | Monk |
| 24:48 | Create | Kamayuk |
| 24:48 | Create | Kamayuk |
Match timeline
| 5:19 | OS+ | Sziky · first_building Barracks |
| 6:32 | Blackheart · wall_segment Palisade Wall x6 |
| 6:47 | Blackheart · wall_segment Palisade Wall x2 |
| 6:49 | Blackheart · wall_segment Palisade Wall x7 |
| 7:15 | Blackheart · first_building Barracks |
| 7:21 | Blackheart · wall_segment Palisade Wall x9 |
| 8:32 | Blackheart · wall_segment Palisade Wall x5 |
| 8:49 | Blackheart · wall_segment Palisade Wall x4 |
| 8:50 | Blackheart · age_up feudal |
| 8:51 | OS+ | Sziky · age_up feudal |
| 8:58 | Blackheart · first_building Archery Range |
| 9:16 | OS+ | Sziky · first_building Archery Range |
| 9:24 | Blackheart · wall_segment Palisade Wall x5 |
| 9:28 | Blackheart · wall_segment Palisade Wall x7 |
| 9:49 | Blackheart · wall_segment Palisade Wall x1 |
| 10:19 | Blackheart · wall_segment Palisade Wall x5 |
| 10:45 | OS+ | Sziky · wall_segment Palisade Wall x5 |
| 11:16 | OS+ | Sziky · wall_segment Palisade Wall x10 |
| 11:20 | Blackheart · wall_segment Palisade Wall x8 |
| 12:27 | OS+ | Sziky · wall_segment Palisade Wall x8 |
| 14:05 | OS+ | Sziky · wall_segment Palisade Wall x8 |
| 14:05 | OS+ | Sziky · wall_segment Palisade Wall x4 |
| 14:38 | Blackheart · wall_segment Palisade Wall x1 |
| 14:46 | Blackheart · wall_segment Palisade Wall x1 |
| 16:55 | Blackheart · wall_segment Palisade Wall x1 |
| 17:20 | Blackheart · wall_segment Palisade Wall x1 |
| 17:21 | Blackheart · wall_segment Palisade Wall x1 |
| 17:47 | OS+ | Sziky · wall_segment Palisade Wall x2 |
| 18:59 | Blackheart · wall_segment Palisade Wall x1 |
| 21:39 | Blackheart · wall_segment Palisade Wall x1 |
| 21:55 | Blackheart · wall_segment Palisade Wall x1 |
| 22:41 | OS+ | Sziky · age_up castle |
| 22:44 | OS+ | Sziky · first_building Siege Workshop |
| 23:11 | Blackheart · age_up castle |
| 23:30 | Blackheart · first_building Castle |
| 23:38 | Blackheart · first_building Monastery |
| 24:34 | OS+ | Sziky · first_building Monastery |
| 25:10 | Blackheart · first_market_buy 100 food |
| 28:32 | Blackheart · first_building Siege Workshop |
| 29:27 | OS+ | Sziky · first_building Castle |
| 31:12 | Blackheart · first_market_sell 100 wood |
| 31:18 | OS+ | Sziky · first_market_sell 100 food |
| 34:03 | OS+ | Sziky · first_market_buy 100 stone |
| 34:29 | OS+ | Sziky · age_up imperial |
| 35:00 | Blackheart · age_up imperial |
| 40:47 | Blackheart · resign |
[ AI ANALYSIS · 1 CREDIT ]
What really happened in this match?
Wolo.gg analyzes every decision: build order, eco, micro, common mistakes by bracket. Personalized analysis on WhatsApp or Discord in 30 seconds.
Civ guide
Wu
Perfil
Jugador #14725904